Map: Goldenaura LE

Players

intense

  • Race: Protoss Protoss
  • League: Grandmaster
  • Spawn Location: 12:00

PiG - Winner!

  • Race: Zerg Zerg
  • League: Master
  • Spawn Location: 5:00

VOD

Have the link to the VOD?

Description

Time

  • Played on: Oct. 30, 2023, 6:51 p.m.
  • Length: 20:39
Show
View Real Time Build Order
Export as new Build Order

intense Protoss 

Build Orders: 1 Gate Expand, Oracle Opening, Carriers 

Get SALT Encoding   

  12  0:00  Probe  
  13  0:12  Probe  
  14  0:19  Pylon  
  14  0:24  Probe  
  15  0:37  Probe (Chrono Boost)  
  16  0:46  Gateway, Probe (Chrono Boost)  
  17  0:51  Probe (Chrono Boost)  
  18  0:57  Assimilator  
  18  1:03  Probe  
  19  1:15  Probe  
  20  1:34  Nexus  
  20  1:38  Cybernetics Core  
  20  1:41  Probe  
  21  1:48  Assimilator  
  21  1:54  Probe  
  22  1:59  Pylon  
  22  2:06  Probe  
  23  2:14  Stalker (Chrono Boost), Warp Gate  
  23  2:18  Probe  
  26  2:30  Probe  
  27  2:39  Stargate  
  27  2:42  Shield Battery, Probe  
  28  2:46  Stalker  
  30  2:55  Probe  
  31  3:04  Probe  
  32  3:07  Probe  
  33  3:16  Probe  
  33  3:19  Probe  
  35  3:20  Oracle (Chrono Boost)  
  38  3:28  Probe  
  38  3:29  Adept  
  38  3:32  Probe  
  42  3:40  Gateway  
  42  3:44  Shield Battery  
  42  3:48  Probe  
  43  3:49  Oracle (Chrono Boost)  
  43  3:54  Pylon  
  46  4:04  Assimilator  
  46  4:12  Probe x2  
  48  4:18  Assimilator  
  48  4:19  Adept  
  48  4:21  Twilight Council  
  50  4:24  Probe x2  
  52  4:36  Probe  
  52  4:37  Probe  
  54  4:43  Pylon  
  54  4:44  Pylon  
  54  4:52  Blink (Chrono Boost)  
  54  5:00  Nexus  
  54  5:01  Forge, Oracle, Probe  
  54  5:02  Pylon  
  54  5:05  Stalker  
  60  5:11  Stalker  
  60  5:13  Probe x2  
  64  5:26  Probe  
  64  5:27  Probe  
  66  5:31  Pylon  
  66  5:32  Protoss Ground Weapons Level 1 (Chrono Boost)  
  66  5:38  Gateway, Probe  
  66  5:40  Gateway x2  
  67  5:43  Probe  
  68  5:51  Probe  
  68  5:56  Probe  
  70  6:00  Stalker x2  
  70  6:03  Probe  
  75  6:08  Probe  
  76  6:15  Probe x2  
  78  6:20  Probe  
  78  6:21  Robotics Facility  
  78  6:24  Gateway  
  78  6:25  Gateway  
  79  6:26  Robotics Facility, Gateway  
  79  6:27  Probe x2  
  79  6:32  Stalker x2  
  85  6:34  Probe  
  85  6:39  Probe  
  87  6:50  Stalker x3  
  87  6:52  Probe x2  
  95  6:54  Assimilator x2  
  95  6:56  Pylon  
  95  6:59  Probe  
  96  7:04  Probe  
  96  7:08  Stalker x2  
  98  7:19  Robotics Bay  
  98  7:20  Shield Battery  
  98  7:22  Shield Battery  
  98  7:23  Stalker x4  
  98  7:24  Observer (Chrono Boost), Stalker  
  109  7:30  Pylon  
  109  7:31  Pylon  
  109  7:32  Pylon  
  109  7:33  Warp Prism (Chrono Boost)  
  109  7:36  Protoss Ground Weapons Level 2 (Chrono Boost)  
  109  7:46  Photon Cannon  
  109  7:56  Stalker x2  
  109  7:57  Stalker x6  
  108  8:24  Stalker x3  
  93  8:44  Disruptor x2 (Chrono Boost)  
  87  8:48  Stalker  
  87  8:49  Stalker  
  87  8:50  Probe x2  
  87  8:52  Probe  
  94  9:02  Stalker x3, Probe x2  
  98  9:04  Probe  
  103  9:14  Probe  
  104  9:18  Stalker x2  
  104  9:20  Probe  
  104  9:22  Gateway  
  109  9:25  Gateway  
  109  9:28  Gateway  
  109  9:32  Nexus, Pylon  
  109  9:34  Pylon  
  109  9:48  Pylon  
  109  9:49  Pylon  
  109  9:50  Probe x3  
  109  9:51  Pylon  
  112  9:53  Photon Cannon, Pylon  
  112  10:00  Zealot  
  112  10:01  Stalker x2  
  112  10:02  Stalker x2  
  112  10:03  Disruptor (Chrono Boost)  
  126  10:08  Disruptor (Chrono Boost)  
  126  10:14  Probe x2  
  132  10:27  Probe x2  
  134  10:48  Stalker x2  
  134  10:49  Stalker x7  
  152  10:52  Probe x3  
  155  11:00  Probe  
  155  11:03  Shield Battery  
  156  11:04  Probe  
  156  11:05  Photon Cannon  
  157  11:11  Disruptor x2 (Chrono Boost)  
  165  11:23  Stalker x3  
  171  11:26  Pylon  
  171  11:27  Pylon x2  
  167  11:44  Disruptor x2  
  167  11:45  Stalker x2  
  167  11:46  Stalker x3  
  185  11:59  Protoss Ground Weapons Level 3 (Chrono Boost)  
  185  12:01  Stalker x3  
  185  12:02  Stalker  
  142  13:00  Probe x3  
  142  13:01  Probe  
  142  13:02  Disruptor x2 (Chrono Boost)  
  154  13:06  Stalker  
  154  13:07  Stalker x7  
  154  13:08  Stalker x2  
  154  13:12  Probe x2  
  176  13:20  Nexus, Stalker  
  176  13:22  Pylon  
  178  13:29  Assimilator  
  178  13:30  Assimilator  
  138  14:00  Stalker  
  138  14:01  Stalker x8  
  138  14:02  Stalker x2  
  142  14:09  Stargate  
  130  14:10  Stargate  
  130  14:14  Stargate  
  126  14:18  Disruptor x2 (Chrono Boost)  
  132  14:26  Probe x4  
  125  14:46  Observer, Probe x2  
  125  14:52  Shield Battery  
  123  14:54  Photon Cannon  
  123  14:56  Photon Cannon  
  123  14:57  Photon Cannon  
  123  14:58  Disruptor x2 (Chrono Boost), Shield Battery  
  123  15:01  Fleet Beacon  
  123  15:04  Zealot x6  
  123  15:05  Zealot x2  
  147  15:08  Protoss Air Weapons Level 1 (Chrono Boost)  
  147  15:20  Assimilator x2  
  137  15:44  Charge  
  121  15:57  Carrier x2 (Chrono Boost)  
  121  15:59  Carrier (Chrono Boost)  
  139  16:07  Templar Archives  
  130  16:30  Pylon  
  130  16:31  Nexus  
  106  16:46  Stalker x2  
  108  16:47  Stalker x2  
  108  16:48  Zealot x2, Stalker  
  108  16:49  Zealot x3  
  108  16:50  Carrier x2 (Chrono Boost)  
  142  16:55  Carrier (Chrono Boost)  
  124  17:32  Protoss Air Weapons Level 2 (Chrono Boost)  
  124  17:36  Carrier (Chrono Boost)  
  128  17:52  Nexus  
  128  17:53  Pylon  
  134  18:00  Carrier (Chrono Boost)  
  134  18:02  Probe x2  
  134  18:05  Probe  
  137  18:14  Shield Battery, Probe x2  
  137  18:17  Shield Battery, Probe  
  140  18:21  Pylon  
  140  18:22  Shield Battery  
  140  18:26  Probe  
  140  18:27  Probe  
  142  18:29  Probe  
  149  18:35  Carrier (Chrono Boost)  
  149  18:38  Probe  
  149  18:39  Probe  
  146  18:41  Probe  
  145  18:51  Probe x2  
  129  19:11  Carrier (Chrono Boost)  
  129  19:12  Assimilator  
  129  19:16  Assimilator  
  129  19:22  Carrier (Chrono Boost)  
  124  19:44  Colossus  
Show
View Real Time Build Order
Export as new Build Order

PiG Zerg - Winner!

Build Orders: Hatch First, Lurkers 

Get SALT Encoding   

  12  0:00  Drone  
  13  0:09  Drone  
  14  0:16  Extractor, Drone  
  15  0:37  Hatchery  
  15  0:42  Extractor, Drone  
  14  0:49  Overlord  
  15  1:04  Spawning Pool  
  15  1:08  Drone  
  15  1:10  Drone  
  16  1:14  Drone  
  17  1:22  Extractor, Drone  
  17  1:30  Drone  
  18  1:44  Drone  
  19  1:50  Drone, Queen x2  
  19  1:54  Zergling x2  
  25  2:02  Overlord  
  25  2:03  Drone  
  26  2:11  Drone  
  26  2:12  Drone  
  28  2:22  Drone  
  29  2:23  Metabolic Boost  
  29  2:27  Zergling x2  
  30  2:31  Queen  
  32  2:50  Drone x4  
  36  2:57  Overlord x2  
  36  3:05  Hatchery  
  34  3:18  Drone x6  
  40  3:25  Queen  
  40  3:26  Drone  
  43  3:36  Overlord  
  43  3:37  Overlord  
  43  3:41  Drone  
  44  3:52  Spore Crawler  
  44  3:53  Overlord  
  44  3:54  Drone x2  
  45  3:58  Drone  
  45  4:02  Lair  
  46  4:04  Drone x4  
  50  4:13  Drone x3  
  50  4:14  Queen  
  50  4:16  Spore Crawler  
  54  4:19  Spore Crawler  
  54  4:20  Drone x3  
  54  4:23  Drone x3  
  59  4:28  Overlord  
  57  4:38  Drone  
  57  4:39  Drone x2  
  57  4:41  Extractor  
  57  4:43  Extractor  
  57  4:44  Roach Warren  
  56  4:46  Drone  
  56  4:47  Extractor  
  56  4:49  Drone x5  
  61  5:00  Drone x7  
  68  5:14  Overseer  
  66  5:26  Queen  
  66  5:27  Glial Reconstitution  
  72  5:28  Roach x7  
  72  5:34  Overlord x3  
  82  5:39  Infestation Pit  
  80  5:52  Drone  
  81  5:58  Drone  
  81  5:59  Drone x5  
  81  6:01  Overlord x2  
  81  6:02  Drone  
  81  6:03  Extractor, Drone x2  
  89  6:06  Extractor  
  88  6:11  Drone x3  
  88  6:12  Drone x3  
  94  6:19  Overlord x2, Hatchery  
  94  6:22  Infestor  
  94  6:24  Infestor  
  97  6:26  Infestor  
  97  6:30  Roach x3  
  105  6:33  Spine Crawler  
  105  6:34  Ravager x2  
  105  6:35  Overlord x2  
  106  6:42  Roach x2  
  106  6:43  Roach x2  
  113  7:05  Drone x3  
  115  7:13  Roach x14  
  143  7:15  Hatchery  
  142  7:26  Overlord x3  
  142  7:31  Evolution Chamber  
  142  7:35  Roach x2  
  142  7:36  Ravager  
  146  7:37  Overlord x2  
  146  7:38  Overlord  
  146  7:45  Evolution Chamber  
  141  8:07  Roach x10  
  124  8:20  Roach x8  
  124  8:21  Roach  
  136  8:32  Roach x4  
  110  8:45  Roach x3  
  113  8:51  Zerg Missile Weapons Level 1, Zerg Ground Armor Level 1  
  113  8:52  Hive  
  113  8:56  Drone x2  
  113  8:58  Hatchery  
  114  9:09  Drone x5  
  119  9:12  Drone  
  120  9:27  Overlord  
  120  9:28  Roach x8  
  136  9:41  Drone x3, Spore Crawler  
  136  9:42  Drone  
  139  9:52  Overseer  
  139  10:01  Drone x3, Hydralisk Den  
  139  10:03  Drone x3  
  139  10:04  Extractor x2, Drone x3  
  139  10:05  Drone x3  
  148  10:10  Ravager x2  
  148  10:11  Ravager x5  
  148  10:12  Ravager x2  
  148  10:13  Roach x3  
  163  10:15  Overseer, Overlord  
  163  10:34  Extractor  
  162  10:46  Lurker Den, Grooved Spines  
  162  10:48  Zerg Missile Weapons Level 2, Zerg Ground Armor Level 2  
  161  10:57  Drone x10  
  161  11:04  Spine Crawler  
  170  11:05  Spine Crawler x3  
  170  11:08  Spine Crawler  
  170  11:09  Roach x7  
  170  11:10  Ravager x3  
  170  11:11  Ravager  
  182  11:33  Infestor  
  182  11:36  Hydralisk x5  
  194  11:53  Viper x2  
  178  11:54  Seismic Spines  
  178  11:55  Hydralisk  
  162  12:17  Roach x15  
  162  12:18  Lurker  
  171  12:43  Roach x9  
  157  12:52  Roach x4  
  157  12:56  Ravager  
  160  13:11  Hatchery  
  160  13:12  Extractor  
  158  13:13  Extractor  
  158  13:14  Drone x3  
  158  13:15  Drone x3, Overlord  
  158  13:16  Zerg Missile Weapons Level 3  
  158  13:17  Zerg Ground Armor Level 3  
  163  13:21  Lurker, Hatchery  
  163  13:22  Lurker x3  
  166  13:34  Hydralisk x4  
  153  13:53  Roach x12  
  150  14:03  Viper x2  
  150  14:06  Lurker  
  138  14:40  Spire  
  138  14:44  Drone x8  
  138  14:45  Drone  
  144  14:48  Drone x7  
  151  15:04  Hydralisk  
  151  15:05  Hydralisk x4  
  161  15:09  Muscular Augments  
  161  15:26  Lurker x3  
  164  15:37  Queen  
  166  15:49  Lurker  
  167  15:50  Lurker x4, Hydralisk x9  
  165  16:04  Hydralisk x5  
  171  16:30  Lurker x5  
  157  16:35  Greater Spire  
  157  16:36  Corruptor x5  
  164  16:51  Drone x3  
  164  16:52  Drone x2  
  169  17:03  Hatchery  
  169  17:04  Extractor  
  169  17:06  Extractor  
  162  17:21  Viper  
  161  17:42  Infestor x3  
  167  17:44  Zerg Melee Weapons Level 1  
  167  17:47  Brood Lord x5  
  176  18:04  Drone x5, Hatchery  
  176  18:05  Drone x4  
  183  18:06  Drone  
  182  18:40  Overseer x5, Overlord  
  182  18:46  Corruptor x15  
  174  19:04  Corruptor x6  
  154  20:05  Hatchery  
Tags
 
Add a new tag
Caveats
  • Supply blocks, unpowered buildings, or Contaminate may cause inaccurate times.
  • Supply counts are checked every 10 seconds.